 Dungeon Crawl Stone Soup version 0.24.1-8-ga250c9d538 (webtiles) character file.

Game seed: 191528814663288456, levelgen mode: deterministic

57 Peloso the Skirmisher (level 3, -2/29 HPs)
             Began as a Demonspawn Fighter on Apr 30, 2020.
             Slain by an adder (3 damage)
             ... on level 2 of the Dungeon.
             The game lasted 00:02:00 (1168 turns).

Peloso the Skirmisher (Demonspawn Fighter)          Turns: 1168, Time: 00:02:02

Health: -2/29      AC:  6    Str: 17    XL:     3   Next: 73%
Magic:  3/3        EV:  7    Int:  9    God:
Gold:   163        SH:  9    Dex: 12    Spells: 2/2 levels left

rFire    . . .     SeeInvis .   a - +0 long sword
rCold    . . .     Gourm    .   c - +0 shield
rNeg     . . .     Faith    .   b - +0 scale mail
rPois    .         Spirit   .   (no helmet)
rElec    .         Reflect  .   (no cloak)
rCorr    .         Harm     .   (no gloves)
MR       .....                  (no boots)
Stlth    ..........             (no amulet)
HPRegen  0.09/turn              (no ring)
MPRegen  0.08/turn              (no ring)

@: lethally poisoned (-2 -> -11)
A: powered by pain 1
a: no special abilities


You were on level 2 of the Dungeon.
You were very hungry.

You visited 1 branch of the dungeon, and saw 2 of its levels.

You collected 163 gold pieces.

Inventory:

Hand Weapons
 a - a +0 long sword (weapon)
Armour
 b - a +0 scale mail (worn)
 c - a +0 shield (worn)
Jewellery
 g - a cursed ring of see invisible {unknown}
 i - an uncursed ring of see invisible {unknown}
 n - an uncursed ring of resist corrosion {unknown}
Scrolls
 h - 4 scrolls of identify {unknown}
 j - a scroll of remove curse {unknown}
 m - a scroll of enchant armour {unknown}
Potions
 d - 2 potions of might
 e - a potion of heal wounds
 k - a potion of flight
 l - a potion of magic {unknown}
Comestibles
 f - 3 rations


   Skills:
 + Level 3.2 Fighting
 + Level 2.6 Long Blades
 + Level 3.0 Armour
 + Level 0.4 Dodging
 + Level 3.1 Shields


You had 2 spell levels left.
You didn't know any spells.
Your spell library was empty.

Dungeon Overview and Level Annotations

Branches:
Dungeon (2/15)

Altars:
Ashenzari
Ru
Vehumet


Innate Abilities, Weirdness & Mutations

You sometimes gain a little power by taking damage.


Message History

You slash the hobgoblin!
You kill the hobgoblin!
The adder bites you.
You are poisoned.
The adder poisons you! The adder bites you but does no damage.
You feel sick. The adder bites you.
You feel sick. The adder bites you.
* * * LOW HITPOINT WARNING * * *
You are lethally poisoned!
The adder poisons you!
You closely miss the adder.
* * * LOW HITPOINT WARNING * * *
You feel sick. You block the adder's attack. The adder barely misses you.
You slash the adder!
The adder is severely wounded.
* * * LOW HITPOINT WARNING * * *
You feel sick. The adder bites you.
* * * LOW HITPOINT WARNING * * *
The adder bites you.
You die...

....####......#####
....# #..........#
....####..).......#
..................#
+#'#######..########
.###...###...###...##
.##.....##...##.....##
.#.......#...#.S.....#
.#.....).'...'..@.?..#
.#.......#...#.......#
.##.....##...##.....##
####...###...###...##
##### #...# #####
#...# #...# #...#


You could see an adder.

Vanquished Creatures
  2 worms (D:2)
  2 dart slugs
  An orc (D:2)
  A giant cockroach (D:2)
  7 goblins
  4 hobgoblins
  3 jackals (D:1)
  11 kobolds
  A ball python (D:2)
  7 bats
  A frilled lizard (D:1)
  7 rats
47 creatures vanquished.

Notes
Turn   | Place    | Note
-------+----------+-------------------------------------------
     0 | D:1      | Peloso the Demonspawn Fighter began the quest for the Orb.
     0 | D:1      | Reached XP level 1. HP: 18/18 MP: 1/1
   110 | D:1      | Gained mutation: You sometimes gain a little power by
                  | taking damage. [demonic ancestry]
   110 | D:1      | Reached XP level 2. HP: 19/24 MP: 2/2
   728 | D:2      | Reached XP level 3. HP: 13/29 MP: 3/3
   803 | D:2      | Found a radiant altar of Vehumet.
   874 | D:2      | Found a shattered altar of Ashenzari.
   991 | D:2      | Found a sacrificial altar of Ru.
  1168 | D:2      | HP: 1/29 [adder (4)]
  1168 | D:2      | Slain by an adder

Levels and vault maps discovered:
D:1:      minmay_arrival_radiant_lines, layout_basic, roderic_lattice_a,
          minmay_bisected
D:2:      kennysheep_six_static_rooms, layout_basic, lemuel_round_altar,
          vehumet_crystals, nicolae_overflow_crystal_walls,
          nicolae_underground_beach

Skill      XL: |  1  2 |
---------------+-------+-----
Long Blades    | 2 |  2.6
Shields        | 3 |  3.1
Armour         | 3 |  3.0
Fighting       | |  3.2
Dodging        | |  0.4

Action                   || total
-------------------------++-------
Melee: Long sword        ||   102
  Use: Potion            ||     3
Armor: Scale mail        ||    53
Dodge: Dodged            ||    41
Block: Shield            ||    57
       Rpst.: Long sword ||    14
